 Dungeon Crawl Stone Soup version 0.17.1-1-g73c8601 (webtiles) character file.

115 Glider the Grave Robber (level 4, -4/30 HPs)
             Began as a Demonspawn Necromancer on Dec 28, 2015.
             Slain by an ogre
             ... wielding a +0 giant club
              (29 damage)
             ... on level 3 of the Dungeon.
             The game lasted 00:11:46 (4363 turns).

Glider the Grave Robber (Demonspawn Necromancer)    Turns: 4363, Time: 00:11:46

Health: -4/30      AC:  2    Str: 10    XL:     4   Next: 68%
Magic:  1/7        EV: 12    Int: 16    God:
Gold:   97         SH:  0    Dex: 13    Spells: 3 memorised, 0 levels left

rFire  + . .     SeeInvis .     v - +1 dagger (pain)
rCold  . . .     Clarity  .     w - +0 robe
rNeg   . . .     SustAt   .     (no shield)
rPois  .         Gourm    .     (no helmet)
rElec  .         Spirit   .     (no cloak)
rCorr  +         Warding  .     (no gloves)
rMut   .         Stasis   .     (no boots)
MR     .....                    n - amulet of resist corrosion
Stlth  ++........               (no ring)
                                (no ring)

@: very slightly contaminated, not resistant to hostile enchantments, unstealthy
A: fire resistance 1
a: no special abilities


You were on level 3 of the Dungeon.
You were very hungry.

You visited 1 branch of the dungeon, and saw 3 of its levels.

You collected 97 gold pieces.

Inventory:

Hand Weapons
 d - a +0 club
 v - a +1 dagger of pain (weapon)
Armour
 a - a +0 robe
 k - a +0 large shield
 u - a +1 leather armour of fire resistance
 w - a +0 robe (worn)
Jewellery
 n - an amulet of resist corrosion (around neck)
Scrolls
 e - a scroll of enchant weapon
 j - a scroll of amnesia
 p - a scroll of teleportation {unknown}
Potions
 f - a potion of curing {unknown}
 i - a potion of haste
 l - a potion of agility {unknown}
 q - a potion of degeneration {unknown}
 r - a potion of brilliance {unknown}
 s - a potion of magic {unknown}
Books
 b - a book of Necromancy

   Spells                             Type                      Level
   a - Pain                           Necromancy                   1
   b - Animate Skeleton               Necromancy                   1
   c - Vampiric Draining              Necromancy                   3
   d - Regeneration                   Charms/Necromancy            3
   e - Animate Dead                   Necromancy                   4
   f - Control Undead                 Necromancy                   4
Comestibles
 c - a bread ration
 g - a meat ration
 h - a beef jerky
 m - a slice of pizza


   Skills:
 * Level 0.6 Short Blades
 - Level 3.5 Maces & Flails
 - Level 2.0 Dodging
 - Level 2.0 Stealth
 - Level 2.0 Spellcasting
 - Level 4.3 Necromancy


You couldn't memorise any spells.
You knew the following spells:

 Your Spells              Type           Power        Failure   Level  Hunger
a - Pain                  Necr           ###.         4%          1    #......
b - Vampiric Draining     Necr           ###.......   12%         3    ###....
c - Regeneration          Chrm/Necr      #.........   28%         3    ###....


Dungeon Overview and Level Annotations

Branches:
Dungeon (3/15)

Altars:
Elyvilon
Fedhas


Innate Abilities, Weirdness & Mutations

Your flesh is heat resistant.


Message History

Casting: Pain
Confirm with . or Enter, or press ? or * to list all spells.
Aiming: Pain
Press: ? - help, Shift-Dir - straight line, f/p - ogre
Aim: an ogre, wielding a giant club (moderately wounded, chance to defeat MR: 73%)
The ogre convulses in agony!
The ogre barely misses you.
Casting: Pain
Confirm with . or Enter, or press ? or * to list all spells.
Aiming: Pain
Press: ? - help, Shift-Dir - straight line, f/p - ogre
Aim: an ogre, wielding a giant club (heavily wounded, chance to defeat MR: 73%)
The ogre convulses in agony!
The ogre barely misses you.
Casting: Pain
Confirm with . or Enter, or press ? or * to list all spells.
Aiming: Pain
Press: ? - help, Shift-Dir - straight line, f/p - ogre
Aim: an ogre, wielding a giant club (severely wounded, chance to defeat MR: 73%)
The ogre convulses in agony!
The ogre hits you with a giant club!!
Ouch! That really hurt!
You die...

#.#
####.####.......#..
#.# #.##.......###.#
#.# ####.##.#>..#.#
#.# #.#
#...........#.# #.#
#.# #.#.###.###.#.#
#.#
#.###.#.....###.#.#
#.#
##.#...............#
#.#
#....$...........(.#
#.#
#####..@.........#.#
#.# ##O######.##.#.#
#.# #. #.##.#.# #.#
#. #.##.#.# #.# #.
#.##.#.# #.# #.
#.##.#.###.# #.
#.##.#......
#.######.##.#..##..
...........#......


You could see an ogre.

Vanquished Creatures
  6 adders (D:2)
  A giant gecko (D:2)
  2 ball pythons
  7 giant cockroaches
  6 goblins
  10 hobgoblins
  10 bats
  4 giant newts
  8 kobolds
  11 rats
65 creatures vanquished.

Notes
Turn   | Place    | Note
--------------------------------------------------------------
     0 | D:1      | Glider the Demonspawn Necromancer began the quest for the Orb.
     0 | D:1      | Reached XP level 1. HP: 13/13 MP: 3/3
     6 | D:1      | Noticed a crocodile
     6 | D:1      | Noticed a wolf
     6 | D:1      | Noticed a polar bear
     7 | D:1      | Noticed a black mamba
     7 | D:1      | Noticed a wyvern
   286 | D:1      | Gained mutation: Your flesh is heat resistant. [demonic ancestry]
   286 | D:1      | Reached XP level 2. HP: 16/19 MP: 3/5
   326 | D:1      | Reached skill level 1 in Maces & Flails
  1223 | D:2      | Reached XP level 3. HP: 6/24 MP: 0/6
  1228 | D:2      | Learned a level 3 spell: Vampiric Draining
  2487 | D:2      | Reached XP level 4. HP: 30/30 MP: 5/7
  2492 | D:2      | Learned a level 3 spell: Regeneration
  3621 | D:3      | Found a white marble altar of Elyvilon.
  3743 | D:3      | Found a blossoming altar of Fedhas.
  4355 | D:3      | Noticed an ogre
  4363 | D:3      | Slain by an ogre

Action                   |  1- 3 |  4- 6 || total
-------------------------+-------+-------++-------
Melee: Unarmed           |     7 |       ||     7
       Club              |    55 |    36 ||    91
       Dagger            |       |    33 ||    33
 Cast: Pain              |    49 |    22 ||    71
       Vampiric Draining |     2 |     1 ||     3
  Use: Scroll            |       |     7 ||     7
 Stab: Sleeping          |    10 |     2 ||    12
  Eat: Chunk             |     6 |     5 ||    11
